 Dungeon Crawl Stone Soup version 0.20.0-15-g7f486f2 (webtiles) character file.

76 vishdafish the Shield-Bearer (level 4, -7/28 HPs)
             Began as a Gargoyle Fighter on June 19, 2017.
             Mangled by a wight
             ... wielding a cursed +0 dire flail
              (10 damage)
             ... on level 2 of the Dungeon.
             The game lasted 00:02:48 (1592 turns).

vishdafish the Shield-Bearer (Gargoyle Fighter)     Turns: 1592, Time: 00:02:49

Health: -7/28      AC: 11    Str: 20    XL:     4   Next: 32%
Magic:  4/4        EV:  7    Int:  9    God:
Gold:   56         SH:  9    Dex:  9    Spells: 3/3 levels left

rFire    . . .     SeeInvis .   k - +3 whip
rCold    . . .     Gourm    .   c - +0 shield
rNeg     + . .     Faith    .   b - +0 scale mail
rPois    ∞         Spirit   .   m - +0 helmet
rElec    +         Reflect  .   (no cloak)
rCorr    .         Harm     .   (no gloves)
MR       .....                  (no boots)
Stlth    ..........             (no amulet)
Regen    0.1/turn               (no ring)
MPRegen  0.1/turn               (no ring)

@: hasted, very quick
A: negative energy resistance 1, electricity resistance, unbreathing,
petrification resistance, rot immunity, AC +3
a: no special abilities


You were on level 2 of the Dungeon.
You were not hungry.

You visited 1 branch of the dungeon, and saw 3 of its levels.

You collected 56 gold pieces.

Inventory:

Hand Weapons
 a - a +0 flail
 k - a +3 whip (weapon)
Armour
 b - a +0 scale mail (worn)
 c - a +0 shield (worn)
 m - a +0 helmet (worn)
Scrolls
 e - a scroll of random uselessness {unknown}
 f - a scroll of teleportation {unknown}
 i - 2 scrolls of magic mapping {unknown}
 j - a scroll of immolation {unknown}
 l - 2 scrolls of enchant weapon {unknown}
Potions
 d - a potion of might
 g - 2 potions of haste
 h - a potion of resistance {unknown}
 n - a potion of mutation {unknown}
Comestibles
 o - a meat ration
 p - a bread ration


   Skills:
 + Level 3.5 Fighting
 + Level 3.1 Maces & Flails
 + Level 3.7 Armour
 + Level 0.8 Dodging
 + Level 0.2 Stealth
 + Level 3.8 Shields


You had 3 spell levels left.
You didn't know any spells.

Dungeon Overview and Level Annotations

Branches:
Dungeon (3/15)

Altars:
Hepliaklqana
Xom


Innate Abilities, Weirdness & Mutations

You are resistant to torment.
Your stone body is resilient. (AC +3)
You are immune to poison.
You resist negative energy. (rN+)
You are resistant to electric shocks. (rElec)
You can survive without breathing.
You are immune to petrification.
You are immune to rotting.


Message History

You are too injured to fight recklessly!
You are too injured to fight recklessly!
You closely miss the wight.
The wight is severely damaged.
The wight hits you with a dire flail.
* * * LOW HITPOINT WARNING * * *
You hit the wight but do no damage.
The wight is severely damaged.
The wight barely misses you.
It was a potion of haste.
You feel yourself speed up. You block the wight's attack.
You closely miss the wight.
The wight is severely damaged.
You hit the wight.
The wight is almost destroyed.
You block the wight's attack.
You closely miss the wight.
The wight is almost destroyed.
The wight hits you with a dire flail!
You die...

#####.#.###.......#.#..# #.##.#
#.....#...........#.#..# #.##.#
#.#####....[#####.#.#..#####.....
#.# #.....# #.#.#........##.# #.#
#.###.# ###)#.............# #.#
#.###.###.....#..........## #.#
#.#.....#................# ..#
#########...#.#..........## ###
#........@......#####.##.#
#.......z.............#...
#.................######.#
#.........................
#........(......#.######.#
#...............#......#..
#.........†..#.##.###..#..
#..............##......#..
#...........#####.####.#..


You could see a wight.

Vanquished Creatures
  A hound skeleton (D:2)
  An adder (D:2)
  3 oozes
  An adder zombie (D:2)
  A dart slug (D:1)
  2 leopard geckos
  A giant cockroach (D:1)
  6 goblins
  4 hobgoblins
  A ball python skeleton (D:2)
  4 bats
  A frilled lizard (D:2)
  A giant cockroach zombie (D:2)
  A jackal skeleton (D:2)
  6 kobolds
  3 rats (D:1)
37 creatures vanquished.

Notes
Turn   | Place    | Note
-------+----------+-------------------------------------------
     0 | D:1      | vishdafish the Gargoyle Fighter began the quest for the Orb.
     0 | D:1      | Reached XP level 1. HP: 14/14 MP: 1/1
     0 | D:1      | Found a hazy altar of Hepliaklqana.
   193 | D:1      | Reached XP level 2. HP: 19/19 MP: 2/2
   562 | D:1      | Reached XP level 3. HP: 14/23 MP: 3/3
   949 | D:2      | Found a shimmering altar of Xom.
  1295 | D:2      | Reached XP level 4. HP: 24/28 MP: 4/4
  1571 | D:3      | Noticed a centaur
  1592 | D:2      | Mangled by a wight

Skill      XL: |  1  2  3 |
---------------+----------+-----
Maces & Flails | 3 |  3.1
Fighting       | |  3.5
Armour         | |  3.7
Dodging        | |  0.8
Stealth        | |  0.2
Shields        | |  3.8

Action                   |  1- 3 |  4- 6 || total
-------------------------+-------+-------++-------
Melee: Flail             |    76 |       ||    76
       Whip              |    42 |    40 ||    82
  Use: Potion            |       |     1 ||     1
  Eat: Bread ration      |     1 |       ||     1
Armor: Scale mail        |    61 |    28 ||    89
Dodge: Dodged            |    48 |    15 ||    63
Block: Shield            |    58 |    26 ||    84
